 Dungeon Crawl Stone Soup version 0.28.0-53-g5a82cb258f (webtiles) character file.

Game seed: 3673702292832591103

595 safid the Cleaver (level 7, -2/59 HPs)
             Began as a Hill Orc Fighter on July 6, 2022.
             Slain by a gnoll sergeant
             ... wielding a +2 vampiric spear
              (8 damage)
             ... on level 4 of the Dungeon.
             The game lasted 00:04:44 (3047 turns).

safid the Cleaver (Hill Orc Fighter)                Turns: 3047, Time: 00:04:44

Health: -2/59      AC:  7    Str: 21    XL:     7   Next: 40%
Magic:  7/7        EV:  9    Int:  8    God:
Gold:   121        SH:  4    Dex: 10    Spells: 6/6 levels left

rFire   . . .      SeeInvis .   a - +0 war axe
rCold   . . .      Faith    .   c - +0 buckler
rNeg    . . .      Spirit   .   b - +0 scale mail
rPois   .          Reflect  .   (no helmet)
rElec   .          Harm     .   (no cloak)
rCorr   .          Rampage  .   (no gloves)
Will    .....                   (no boots)
Stlth   ..........              (no amulet)
HPRegen 0.19/turn               (no ring)
MPRegen 0.10/turn               (no ring)

@: no status effects
A: no striking features
a: no special abilities


You were on level 4 of the Dungeon.
You visited 1 branch of the dungeon, and saw 4 of its levels.

You collected 121 gold pieces.

Inventory:

Hand Weapons
 a - a +0 war axe (weapon)
 i - the +3 rapier of Prudence {drain, rPois}
   (You found it on level 2 of the Dungeon)

   A truly terrible weapon, it drains the life of any living foe it strikes.
   rPois:     It protects you from poison.
Armour
 b - a +0 scale mail (worn)
 c - a +0 buckler (worn)
Jewellery
 j - an amulet of regeneration
Wands
 n - a wand of mindburst (17)
 q - a wand of flame (14)
Scrolls
 e - 7 scrolls of identify {unknown}
 h - a scroll of blinking {unknown}
 k - a scroll of holy word {unknown}
 m - a scroll of enchant weapon {unknown}
 o - 2 scrolls of fear {unknown}
 p - a scroll of vulnerability {unknown}
Potions
 d - 3 potions of might
 f - a potion of ambrosia {unknown}
 g - 3 potions of curing {unknown}
 l - a potion of resistance {unknown}


   Skills:
 - Level 4.0 Fighting
 + Level 9.6 Axes
 - Level 4.0 Armour
 - Level 4.0 Shields


You had 6 spell levels left.
You didn't know any spells.
Your spell library contained the following spells:

 Spells                   Type           Power      Damage    Failure   Level
 Animate Skeleton         Necr           0%         N/A       83%         1
 Apportation              Tloc           0%         N/A       83%         1
 Summon Small Mammal      Summ           0%         N/A       83%         1


Dungeon Overview and Level Annotations

Branches:
Dungeon (4/15)
 Temple: D:4-7

Altars:


Message History

Items here: ))) †.
You slash the gnoll!
You kill the gnoll!
The gnoll hits you from afar with a +0 spear.
The gnoll hits you but does no damage. You block the gnoll's attack.
Things that are here:
a +0 spear; a gnoll corpse You slash the gnoll!
The gnoll is almost dead.
The gnoll barely misses you. The gnoll closely misses you.
You hit the gnoll but do no damage.
The gnoll is almost dead.
The gnoll hits you with a +0 spear. The gnoll barely misses you.
You hit the gnoll.
The gnoll is almost dead.
The gnoll completely misses you. The gnoll misses you.
You hit the gnoll but do no damage.
The gnoll is almost dead.
The gnoll completely misses you.
The gnoll hits you from afar with a +0 halberd!
* * * LOW HITPOINT WARNING * * *
You barely miss the gnoll.
The gnoll is almost dead.
The gnoll sergeant shouts!
The gnoll hits you but does no damage. The gnoll closely misses you.
You slash the gnoll!
You kill the gnoll!
The gnoll barely misses you. The gnoll closely misses you.
There is a stone staircase leading up here.
You see here a +0 spear.
You closely miss the gnoll.
The gnoll sergeant hits you from afar with a +2 vampiric spear.
* * * LOW HITPOINT WARNING * * *
The gnoll hits you with a +0 halberd.
* * * LOW HITPOINT WARNING * * *
You slash the gnoll!
The gnoll is severely wounded.
The gnoll sergeant hits you from afar with a +2 vampiric spear!
You die...

#..#.# .#
#.....##
.#
#.......
.#
..)...[.
.# .....#
.# .g.# .#
#†####.#
#g@))..#
#.######
g.g.....#
.........
###.####.#
# .# .# .#
.#


You could see a gnoll sergeant and a gnoll.

Vanquished Creatures
  Sigmund (D:2)
  2 sky beasts (D:3)
  A hound (D:4)
  Ijyb (D:3)
  Natasha (twice) (D:2)
  4 gnolls (D:4)
  2 adders
  A worm (D:2)
  2 dart slugs
  5 orcs (D:3)
  7 bats
  7 endoplasms
  2 giant cockroaches
  6 hobgoblins
  11 jackals
  3 kobolds
  A quokka (D:1)
  5 ball pythons
  4 frilled lizards
  8 goblins
  7 rats
82 creatures vanquished.

Notes
Turn   | Place    | Note
-------+----------+-------------------------------------------
     0 | D:1      | safid the Hill Orc Fighter began the quest for the Orb.
     0 | D:1      | Reached XP level 1. HP: 19/19 MP: 1/1
   211 | D:1      | Reached XP level 2. HP: 21/27 MP: 2/2
   324 | D:1      | Reached skill level 3 in Axes
   898 | D:2      | Noticed Sigmund
   952 | D:2      | Reached XP level 3. HP: 33/33 MP: 3/3
  1097 | D:2      | Killed Sigmund
  1098 | D:2      | Reached skill level 6 in Axes
  1098 | D:2      | Reached XP level 4. HP: 40/40 MP: 4/4
  1098 | D:2      | Reached XP level 5. HP: 46/46 MP: 5/5
  1154 | D:2      | Noticed Natasha
  1160 | D:2      | Killed Natasha
  1246 | D:2      | Found a faded altar of an unknown god.
  1270 | D:2      | Identified the +3 rapier of Prudence {drain, rPois}
  1307 | D:2      | Noticed Natasha
  1313 | D:2      | Killed Natasha
  1314 | D:2      | Reached skill level 7 in Axes
  1314 | D:2      | Reached XP level 6. HP: 52/52 MP: 6/6
  1726 | D:3      | Noticed a sky beast
  1747 | D:3      | Killed a sky beast
  1748 | D:3      | Reached skill level 8 in Axes
  1959 | D:3      | Noticed a sky beast
  1990 | D:3      | Killed a sky beast
  1991 | D:3      | Reached XP level 7. HP: 28/59 MP: 7/7
  2541 | D:3      | Noticed Ijyb
  2554 | D:3      | Killed Ijyb
  2555 | D:3      | Reached skill level 9 in Axes
  3047 | D:4      | Slain by a gnoll sergeant

Illustrated notes

Levels and vault maps discovered:
D:1:      nicolae_arrival_washed_ashore, layout_loops_ring
D:2:      layout_basic, hellmonk_ecumenical_altar_blasted, uniq_natasha,
          uniq_sigmund
D:3:      layout_basic, columned_hall_lemuel, uniq_ijyb
D:4:      layout_loops_ring, temple_fountains, uniq_grinder, uniq_duvessa

Skill      XL: |  1  2  3  4  5  6  7 |
---------------+----------------------+-----
Axes           | 3 6 7 8 9 |  9.6
Fighting       | 4 |  4.0
Armour         | 4 |  4.0
Shields        | 4 |  4.0

Action                   |  1- 3 |  4- 6 |  7- 9 || total
-------------------------+-------+-------+-------++-------
Melee: War axe           |    86 |    74 |    77 ||   237
  Use: Potion            |     1 |       |       ||     1
Armor: Scale mail        |    39 |    36 |    27 ||   102
Dodge: Dodged            |    46 |    18 |    41 ||   105
Block: Buckler           |    25 |    14 |    13 ||    52
